cohdb
Replays
Latest Replays
All Replays
Popular Replays
Top Player Replays
Match Explorer
How It Works
Community
CoH3 Stats
Reddit
Sign in to upload your games and track your stats! →
Sign in with Steam
Match 45243379
Unlisted
Match 45243379
Overview
Messages
Build Orders
End
Construct Infanterie Kompanie
MG 42 Machine Gun Team
Grenadier Squad
Selects Terror Battlegroup
Selects Terror Battlegroup
Selects Machine Gun Camouflage
Grenadier Squad
Grenadier Squad
Grenadier Squad
Construct Panzergrenadier Kompanie
251 Medium Carrier
Pak 40 Anti-tank Gun Team
Construct Panzer Kompanie
Selects Defend the Fatherland
Sturmpanzer IV Brummbär
Pak 40 Anti-tank Gun Team
Panzer Officer Quarters
Medical Station
The101stAirBorne ITA
BamboneWertherone ITA
Capibimbambombolilalone ITA
Engine1000
Meder
~♥~ Няшка ~♥~
0
0
Comments
sign in to comment!
No comments posted yet!